 Dungeon Crawl Stone Soup version 0.31-a0-264-ga0b03e459d (webtiles) character file.

Game seed: 8349576301582456187

334 qw the Shooter (level 6, -1/37 HPs)
             Began as a Gargoyle Hexslinger on July 13, 2023.
             Killed by nerve-wracking pain
             ... invoked by an orc priest
              (7 damage)
             ... on level 5 of the Dungeon.
             The game lasted 00:01:25 (3541 turns).

qw the Shooter (Gargoyle Hexslinger)                Turns: 3541, Time: 00:01:26

Health: -1/37      AC: 14    Str: 11    XL:     6   Next: 53%
Magic:  7/7        EV: 10    Int: 14    God:
Gold:   325        SH:  5    Dex: 12    Spells: 6/7 levels left

rFire   . . .        Y - +2 sling (flame)
rCold   . . .        (no shield)
rNeg    + . .        h - +2 ring mail {rPois}
rPois   inf          f - +0 helmet
rElec   +            (no cloak)
rCorr   .            a - +0 pair of gloves
SInv    .            d - +0 pair of boots
Will    .....        o - amulet of reflection
Stlth   +            (no ring)
HPRegen 0.26/turn    (no ring)
MPRegen 0.10/turn

%: reflection
@: about to teleport
A: sickness immunity, AC +4, negative energy resistance 1, electricity
resistance, torment resistance 1, petrification resistance, clumsy 1, MP-powered
wands
a: no special abilities


You were on level 5 of the Dungeon.
You visited 1 branch of the dungeon, and saw 5 of its levels.

You collected 325 gold pieces.


Innate Abilities, Weirdness & Mutations

You are immune to sickness and miasma.
Your stone body is resilient. (AC +4)
You are immune to poison.
You resist negative energy. (rN+)
You are resistant to electric shocks. (rElec)
You are resistant to unholy torment.
You are immune to petrification.
You are clumsy. (Dex -2)
You expend magic power (3 MP) to strengthen your wands.


   Skills:
 - Level 3.0 Fighting
 - Level 6.0 Ranged Weapons
 + Level 1.1 Armour
 - Level 1.5 Dodging
 - Level 1.0 Spellcasting
 - Level 2.6 Hexes


You had 6 spell levels left.
You knew the following spells:

 Your Spells              Type           Power      Damage    Failure   Level
a - Slow                  Hex            32%        N/A       21%         1

Your spell library contained the following spells:

 Spells                   Type           Power      Damage    Failure   Level
 Inner Flame              Hex/Fire       4%         N/A       71%         3
 Portal Projectile        Hex/Tloc       8%         N/A       71%         3
 Cause Fear               Hex            4%         N/A       90%         4

Inventory:

Hand Weapons
 Y - a +2 sling of flaming (weapon)
Armour
 a - a +0 pair of gloves (worn)
 d - a +0 pair of boots (worn)
 f - a +0 helmet (worn)
 h - a +2 ring mail of poison resistance (worn)
Jewellery
 o - an amulet of reflection (around neck)
Wands
 q - a wand of digging (3)
Scrolls
 i - 3 scrolls of identify
Potions
 b - a potion of resistance
 c - a potion of might {unknown}
 e - a potion of enlightenment {unknown}
 g - a potion of degeneration {unknown}
 j - 3 potions of heal wounds
 k - a potion of lignification {unknown}
 l - a potion of curing {unknown}
 m - a potion of haste {unknown}
 n - a potion of ambrosia {unknown}

Dungeon Overview and Level Annotations

Branches:
Dungeon (5/15)
 Temple: D:4-7

Altars:


Message History

You shoot a sling bullet. The orc shouts!
The sling bullet hits the orc priest!
The sling bullet burns the orc priest.
The orc priest is severely wounded.
A hound comes into view.
An orc comes into view. It is wielding a +0 club.
An orc comes into view. It is wielding a +0 hand axe.
The hound moves out of view.
You shoot a sling bullet. The orc shouts!
The sling bullet hits the orc.
The sling bullet burns the orc.
You kill the orc!
You shoot a sling bullet. The sling bullet hits the orc.
The sling bullet burns the orc.
The orc is heavily wounded.
You hear a bark!
The orc priest casts a cantrip, but nothing happens.
You shoot a sling bullet. The sling bullet hits the orc.
The sling bullet burns the orc.
You kill the orc!
The orc priest mumbles some strange prayers to Beogh against you.
Beogh smites you!
You shoot a sling bullet.
The sling bullet closely misses the orc.
The orc priest mumbles some strange prayers to Beogh against you.
Beogh smites you!
You shoot a sling bullet. The sling bullet hits the orc!
The sling bullet burns the orc.
You kill the orc!
The orc priest calls down the wrath of Beogh upon you.
Beogh smites you!
You start resting.
An orc priest is nearby!
3541 ||| READING scroll of teleportation.
As you read the scroll of teleportation, it crumbles to dust.
You feel strangely unstable.
You hear the brisk rusting of a drain very nearby.
The orc priest mumbles some strange prayers to Beogh against you.
Pain shoots through your body!
You die...

#'......# ##..##..#
....... ##..##..#
....... #'..#...#
)...... ######..#...#
....... ###....#..##..#
o......
.......#..##..###)...#
.......'..#.....#....#
.......#..#.....@....#
.......#####.##'#....#
+#.......###.#....#####
.#.......'...#....#...#
.+.......#...#....#...#
.#.......#...+....#...#
##.......#####......###
####+###......#######
.......'......#


You could see an orc priest.

Vanquished Creatures
  A phantom (D:5)
  A scorpion (D:5)
  An orc priest (D:3)
  An orc wizard (D:3)
  4 adders
  2 worms
  14 orcs
  7 ball pythons
  5 bats
  7 endoplasms
  4 giant cockroaches
  7 goblins
  8 hobgoblins
  9 jackals (D:1)
  2 quokkas
  7 frilled lizards
  5 kobolds
  4 rats
89 creatures vanquished.

Notes
Turn   | Place    | Note
-------+----------+-------------------------------------------
     0 | D:1      | qw the Gargoyle Hexslinger began the quest for the Orb.
     0 | D:1      | Reached XP level 1. HP: 12/12 MP: 2/2
     0 | D:1      | 0 ||| qw: Version: 0.3-a-52-g30416fa
     0 | D:1      | 0 ||| qw: Game counter: 7556
     0 | D:1      | 0 ||| qw: Melee chars always use a shield: true
     0 | D:1      | 0 ||| qw: God list: Okawaru
     0 | D:1      | 0 ||| qw: Allow faded altars: false
     0 | D:1      | 0 ||| qw: Do Orc after clearing Dungeon:15 true
     0 | D:1      | 0 ||| qw: Do second Lair branch before Depths: true
     0 | D:1      | 0 ||| qw: Lair rune preference: random
     0 | D:1      | 0 ||| qw: Goals: Normal
     0 | D:1      | 0 ||| PLANNING D:1-11
   144 | D:1      | Reached XP level 2. HP: 16/16 MP: 3/3
   288 | D:1      | Reached skill level 3 in Ranged Weapons
   568 | D:1      | Reached XP level 3. HP: 17/21 MP: 4/4
  1024 | D:1      | 1024 ||| UPGRADING to +0 ring mail.
  1034 | D:1      | 1034 ||| DROPPING +0 robe.
  1035 | D:1      | 1035 ||| READING scroll labelled HONUAVV CAIGUCH.
  1036 | D:1      | 1036 ||| READING scroll labelled DIN IJAGROTUDGH.
  1037 | D:1      | 1037 ||| READING scroll labelled BAPPIY QODAMU.
  1038 | D:1      | 1038 ||| READING 2 scrolls labelled ZEITTUE HYPIA.
  1039 | D:1      | 1039 ||| READING scroll labelled VIBEZX CAATHREKIXI.
  1140 | D:1      | 1140 ||| DROPPING scroll of poison.
  1447 | D:2      | Reached skill level 4 in Ranged Weapons
  1447 | D:2      | Reached XP level 4. HP: 22/26 MP: 5/5
  1704 | D:2      | Found a faded altar of an unknown god.
  1824 | D:2      | 1824 ||| UPGRADING to +0 pair of gloves.
  1829 | D:2      | 1829 ||| UPGRADING to +0 helmet.
  1834 | D:2      | 1834 ||| UPGRADING to +2 ring mail of poison resistance.
  1844 | D:2      | 1844 ||| DROPPING +0 ring mail.
  1845 | D:2      | 1845 ||| READING scroll labelled ESUFEA WETERU.
  1846 | D:2      | 1846 ||| READING scroll labelled QAB CASANONUILA.
  1849 | D:2      | 1849 ||| DRINKING 2 murky red potions.
  1935 | D:3      | Reached skill level 1 in Armour
  2005 | D:3      | 2005 ||| FLEEEEING.
  2006 | D:3      | 2006 ||| FLEEEEING.
  2008 | D:3      | 2008 ||| FLEEEEING.
  2009 | D:3      | 2009 ||| FLEEEEING.
  2010 | D:3      | 2010 ||| FLEEEEING.
  2132 | D:3      | 2132 ||| Stepping ~*~*~tactically~*~*~ (outnumbered).
  2134 | D:3      | 2134 ||| Stepping ~*~*~tactically~*~*~ (outnumbered).
  2147 | D:3      | Reached XP level 5. HP: 22/30 MP: 6/6
  2147 | D:3      | 2147 ||| FLEEEEING.
  2165 | D:3      | HP: 2/30 [something/magic dart (8)]
  2346 | D:3      | Reached skill level 5 in Ranged Weapons
  2660 | D:3      | 2660 ||| READING scroll labelled ZUSOLULID.
  2661 | D:3      | 2661 ||| READING 2 scrolls labelled HEAJEDD LISEEGG.
  2662 | D:3      | 2662 ||| DRINKING 2 viscous purple potions.
  2662 | D:3      | Gained mutation: You are clumsy. (Dex -2) [potion of
                  | mutation]
  2662 | D:3      | Gained mutation: Your body sometimes deteriorates upon
                  | taking damage. [potion of mutation]
  2662 | D:3      | Gained mutation: You occasionally lose the ability to drink
                  | potions when taking damage. [potion of mutation]
  2662 | D:3      | Gained mutation: You are strong-willed. (Will+) [potion of
                  | mutation]
  2663 | D:3      | 2663 ||| DRINKING potion of mutation.
  2663 | D:3      | Lost mutation: You occasionally lose the ability to drink
                  | potions when taking damage. [potion of mutation]
  2663 | D:3      | Lost mutation: You are strong-willed. (Will+) [potion of
                  | mutation]
  2663 | D:3      | Lost mutation: Your body sometimes deteriorates upon taking
                  | damage. [potion of mutation]
  2663 | D:3      | Gained mutation: You expend magic power (3 MP) to
                  | strengthen your wands. [potion of mutation]
  2664 | D:3      | 2664 ||| DROPPING scroll of noise.
  3044 | D:4      | Reached skill level 3 in Fighting
  3257 | D:4      | 3257 ||| UPGRADING to +0 pair of boots.
  3262 | D:4      | 3262 ||| UPGRADING to amulet of reflection.
  3267 | D:4      | 3267 ||| READING 2 scrolls of identify.
  3267 | D:4      | 3267 ||| IDENTIFYING bubbling dark potion
  3300 | D:5      | Entered Level 5 of the Dungeon
  3301 | D:5      | 3301 ||| PLANNING SEWER
  3389 | D:5      | Reached XP level 6. HP: 34/37 MP: 7/7
  3431 | D:5      | Reached skill level 6 in Ranged Weapons
  3539 | D:5      | HP: 5/37 [orc priest/divine providence (9)]
  3541 | D:5      | 3541 ||| READING scroll of teleportation.
  3541 | D:5      | Killed from afar by an orc priest

Levels and vault maps discovered:
D:1:      mushboom_english_gardens, layout_basic, minmay_tree_intersection
D:2:      layout_basic, nicolae_ecumenical_lake_church, minmay_fountain_box,
          grunt_decor_junction
D:3:      layout_loops_ring
D:4:      layout_loops_ring
D:5:      layout_gridville, portal_sewer_entry_b

Skill      XL: |  1  2  3  4  5  6 |
---------------+-------------------+-----
Ranged Weapons | 3 4 5 6 |  6.0
Fighting       | 2 3 |  3.0
Armour         | 1 |  1.1
Dodging        | |  1.5
Spellcasting   | |  1.0
Hexes          | |  2.6

Action                     |  1- 3 |  4- 6 || total
---------------------------+-------+-------++-------
   Fire: Sling             |   160 |   168 ||   328
    Use: Scroll            |     5 |     6 ||    11
         Potion            |       |     3 ||     3
 Armour: Robe              |    31 |       ||    31
         Ring mail         |     9 |    56 ||    65
  Dodge: Dodged            |    70 |    43 ||   113
  Block: Other             |       |     8 ||     8

Table legend:
 A = Non-vault XP
 B = Vault XP
 C = Vault XP percentage of total XP
 D = Non-vault monster count
 E = Vault monster count
 F = Vault count percentage of total count
                 A         B        C        D         E       F
            +---------+---------+-------+---------+---------+-------
      Total |     478 |       0 |   0.0 |      89 |       0 |   0.0
            +---------+---------+-------+---------+---------+-------
        D:1 |      48 |       0 |   0.0 |      27 |       0 |   0.0
        D:2 |      56 |       0 |   0.0 |      18 |       0 |   0.0
        D:3 |     134 |       0 |   0.0 |      24 |       0 |   0.0
        D:4 |      43 |       0 |   0.0 |      14 |       0 |   0.0
        D:5 |     197 |       0 |   0.0 |       6 |       0 |   0.0
            +---------+---------+-------+---------+---------+-------
